 Dungeon Crawl Stone Soup version 0.26.1-2-gb8aa6d0cf2 (webtiles) character file.

Game seed: 9814180741144391846

273 FishyPogo the Skirmisher (level 6, -9/56 HPs)
             Began as a Minotaur Fighter on Feb 26, 2021.
             Killed by an exploding a worker ant (23 damage)
             ... exploding inner flame
             ... on level 5 of the Dungeon.
             The game lasted 00:05:18 (1213 turns).

FishyPogo the Skirmisher (Minotaur Fighter)         Turns: 1213, Time: 00:05:20

Health: -9/56      AC:  9    Str: 22    XL:     6   Next: 3%
Magic:  5/5        EV:  7    Int:  5    God:
Gold:   19         SH: 10    Dex: 10    Spells: 5/5 levels left

rFire    . . .     SeeInvis .   e - -3 mace (curse)
rCold    . . .     Faith    .   c - +0 kite shield
rNeg     . . .     Spirit   .   b - +0 scale mail
rPois    .         Reflect  .   (helmet restricted)
rElec    .         Harm     .   n - +0 cloak
rCorr    .         Rampage  .   (no gloves)
Will     +....                  i - +0 pair of boots
Stlth    ..........             (no amulet)
HPRegen  0.18/turn              (no ring)
MPRegen  0.09/turn              (no ring)

@: lethally poisoned (-9 -> -10)
A: retaliatory headbutt, horns 2, strong-willed 1, mutation resistance 1
a: no special abilities


You were on level 5 of the Dungeon.
You visited 1 branch of the dungeon, and saw 5 of its levels.

You collected 19 gold pieces.

Inventory:

Hand Weapons
 a - a +0 flail
 e - a cursed -3 mace (weapon)
Missiles
 g - a stone
 h - 8 boomerangs (quivered)
Armour
 b - a +0 scale mail (worn)
 c - a +0 kite shield (worn)
 i - a +0 pair of boots (worn)
 n - a +0 cloak (worn)
Jewellery
 o - an uncursed ring of flight {unknown}
Wands
 l - a wand of random effects (18)


   Skills:
 * Level 5.6 Fighting
 + Level 3.8 Maces & Flails
 + Level 4.6 Armour
 * Level 5.5 Shields


You had 5 spell levels left.
You didn't know any spells.
Your spell library was empty.

Dungeon Overview and Level Annotations

Branches:
Dungeon (5/15)
 Temple: D:4-7

Altars:
Ashenzari

Annotations:
D:3 2 transporters, Ijyb; brob1's ghost, amateur DrTm
D:5 Sigmund


Innate Abilities, Weirdness & Mutations

You reflexively headbutt those who attack you in melee.
You have a pair of horns on your head.
You are strong-willed. (Will+)
You are somewhat resistant to further mutation.


Message History

You feel sick. The worker ant barely misses you. You furiously retaliate!
You headbutt the worker ant, but do no damage.
You feel sick.
You don't know any spells.
As you read the scroll labelled MURCHU NEISE, it crumbles to dust.
The creatures around you are filled with an inner flame!
It was a scroll of immolation.
The worker ant closely misses you.
You closely miss the worker ant. You block the worker ant's attack.
The worker ant bites you but does no damage.
You closely miss the worker ant.
You feel sick. The worker ant barely misses you.
The worker ant bites you but does no damage.
You barely miss the worker ant.
Flame seeps out of the worker ant.
You headbutt the worker ant!
The worker ant is severely wounded.
The worker ant is engulfed in blazing flames.
The worker ant explodes!
The fiery explosion engulfs you!!
You die...

####.....###...#+###.#####
..+...........'......... ..
##..#####.....#.#.###.###...#
.....###..................... .
#...#...#..##.#.###.###.#. .
#..)..##..##.#.# #.### #.
##$./###.?##.#.# #@..#
##.##..[..##.###.#.###...#
#..#..l#...#.# #@#.......#
......###....# #○#.####......
.....#####...###B#..# ..#.##
.....lZ.........l##.# .##...
.......+....)..{..#.###.....#####
####+###........###...### #......
###########......###.#####
####+## #........##### # .......
#.............###


You could see a worker ant (inner flame) and a leopard gecko (inner flame).

Vanquished Creatures
  2 hounds
  2 orc priests (D:5)
  2 orc wizards
  A bullfrog skeleton (D:4)
  2 worker ants
  2 adders
  7 orcs
  2 bats (D:1)
  2 giant cockroaches
  A goblin (D:1)
  2 hobgoblins (D:2)
  3 jackals (D:5)
  3 kobolds
  A quokka (D:5)
  A frilled lizard (D:5)
  A quokka zombie (D:2)
  A rat (D:2)
35 creatures vanquished.

Notes
Turn   | Place    | Note
-------+----------+-------------------------------------------
     0 | D:1      | FishyPogo the Minotaur Fighter began the quest for the Orb.
     0 | D:1      | Reached XP level 1. HP: 19/19 MP: 0/0
   222 | D:2      | Found a broken altar of Ashenzari.
   228 | D:2      | Reached XP level 2. HP: 27/27 MP: 1/1
   337 | D:3      | Found a transporter.
   343 | D:3      | Found a transporter.
   344 | D:3      | Noticed brob1's ghost (amateur DrTm)
   344 | D:3      | Noticed an ogre
   344 | D:3      | Identified the +5 dire flail "Rutwooti" {speed, Will+ MP-9
                  | Int+5}
   344 | D:3      | Noticed an ogre
   345 | D:3      | Noticed Ijyb
   420 | D:3      | Reached XP level 3. HP: 29/34 MP: 2/2
   527 | D:4      | Reached XP level 4. HP: 9/41 MP: 3/3
   857 | D:4      | Reached skill level 5 in Fighting
   857 | D:4      | Reached skill level 5 in Shields
   857 | D:4      | Reached XP level 5. HP: 48/48 MP: 4/4
   865 | D:5      | Entered Level 5 of the Dungeon
   889 | D:5      | Noticed an ogre
   910 | D:5      | Gained mutation: You are somewhat resistant to further
                  | mutation. [potion of mutation]
   910 | D:5      | Gained mutation: You are strong-willed. (Will+) [potion of
                  | mutation]
  1070 | D:5      | Reached XP level 6. HP: 49/56 MP: 5/5
  1161 | D:5      | Noticed Sigmund
  1213 | D:5      | Killed by an exploding a worker ant... exploding inner
                  | flame

Illustrated notes

Levels and vault maps discovered:
D:1:      lightli_arrival_windingriver, layout_loops_ring, serial_glass,
          glass_columns_b, glass_columns_c, glass_columns_a, glass_columns_b
D:2:      layout_basic, ashenzari_altar_1, nicolae_overflow_hidden_temple,
          serial_undead, serial_undead_b, serial_undead_e, serial_undead_d,
          serial_undead_c, serial_undead_b, serial_undead_e, serial_undead_a,
          uniq_crazy_yiuf_cottage, uniq_natasha
D:3:      wander_river, layout_loops_corners, gammafunk_ghost_smash,
          hangedman_decor_opposing, uniq_ijyb
D:4:      layout_gridville, lemuel_coloured_pillars_altar,
          nicolae_ru_sacrificial_ziggurat
D:5:      minmay_skewed_foursquare, layout_basic, marbit_many_paths,
          minmay_circle_x, uniq_sigmund

Skill      XL: |  1  2  3  4 |
---------------+-------------+-----
Fighting       | 4 5 |  5.6
Shields        | 4 5 |  5.5
Maces & Flails | 3 |  3.8
Armour         | 4 |  4.6

Action                   |  1- 3 |  4- 6 || total
-------------------------+-------+-------++-------
Melee: Flail             |    49 |    14 ||    63
       Headbutt          |    10 |    11 ||    21
       Mace              |       |    37 ||    37
Throw: Stone             |     1 |     1 ||     2
  Use: Potion            |     2 |     3 ||     5
       Scroll            |       |     4 ||     4
Armor: Scale mail        |    24 |    25 ||    49
Dodge: Dodged            |     9 |    21 ||    30
Block: Kite shield       |    21 |    24 ||    45
